 Dungeon Crawl Stone Soup version 0.28-a0-984-g3775c662fe (webtiles) character file.

Game seed: 1334942577694120420

2934 enile the Skirmisher (level 9, -2/92 HPs)
             Began as an Ogre Fire Elementalist on Dec 3, 2021.
             Was a Plaything of Xom.
             Slain by a killer bee zombie (5 damage)
             ... on level 9 of the Dungeon.
             The game lasted 00:26:49 (14164 turns).

enile the Skirmisher (Ogre Fire Elementalist)      Turns: 14164, Time: 00:26:49

Health: -2/92      AC:  7    Str: 14      XL:     9   Next: 80%
Magic:  14/16      EV:  6    Int: 18      God:    Xom [....*.]
Gold:   845        SH: 12    Dex:  4 (9)  Spells: 9/18 levels left

rFire   + . .      SeeInvis .   B - +1 war axe (vorpal)
rCold   + + +      Faith    +   E - +2 tower shield {AC+3}
rNeg    . . .      Spirit   .   a - +0 robe
rPois   .          Reflect  .   (helmet restricted)
rElec   +          Harm     .   s - scarf {rC+ rF+}
rCorr   .          Rampage  .   (gloves unavailable)
Will    +....                   (boots unavailable)
Stlth   ++........              e - amulet of faith
HPRegen 0.25/turn               G - ring of Koghad {rC+ Slay+5 Stlth+}
MPRegen 0.15/turn               L - ring of willpower

@: brilliant, flying
A: large, unfitting armour, tough skin 1, cold resistance 1, shaggy fur 1,
electricity resistance, weak 1, wild magic 1, MP-powered wands
a: Renounce Religion


You were on level 9 of the Dungeon.
You worshipped Xom.
You were a beloved toy of Xom.
You visited 1 branch of the dungeon, and saw 10 of its levels.
You also visited: Ossuary.

You collected 1093 gold pieces.
You spent 248 gold pieces at shops.

Inventory:

Hand Weapons
 i - a +0 long sword
 u - the +9 hunting sling "Josaigg" {venom, Will++}
   (Xom gifted it to you on level 5 of the Dungeon)

   Any ammunition fired from it poisons the flesh of those it strikes.
   Will:      It greatly increases your willpower.
 B - a +1 vorpal war axe (weapon)
 H - a +0 fustibalus
 I - a +0 dagger of venom
Missiles
 c - 3 curare-tipped darts (quivered)
Armour
 a - a +0 robe (worn)
 s - a scarf of resistance (worn)
 y - a +1 pair of boots of flying
 E - a +2 tower shield of protection (worn)
Magical Staves
 J - a staff of cold
Jewellery
 e - an amulet of faith (around neck)
 n - a ring of ice
 q - a ring of flight
 r - a ring of resist corrosion
 w - an amulet of guardian spirit
 G - the ring of Koghad (left hand) {rC+ Slay+5 Stlth+}
   (Xom gifted it to you on level 7 of the Dungeon)

   [ring of protection from cold]

   Slay:      It affects your accuracy & damage with ranged weapons and melee
   (+5).
   rC:        It protects you from cold.
   Stlth:     It makes you more stealthy.
 L - a ring of willpower (right hand)
Wands
 K - a wand of digging (5)
Scrolls
 d - a scroll of enchant weapon
 k - 2 scrolls of immolation
 m - 2 scrolls of silence
 p - 2 scrolls of fear
 C - 3 scrolls of enchant armour
 F - a scroll of magic mapping
 M - a scroll of identify
Potions
 f - 2 potions of resistance {unknown}
 g - 4 potions of attraction {unknown}
 h - 2 potions of cancellation {unknown}
 j - 5 potions of curing
 o - 2 potions of flight
 z - a potion of berserk rage {unknown}
 A - 4 potions of heal wounds {unknown}
 D - 4 potions of degeneration {unknown}


   Skills:
 + Level 6.4 Fighting
 - Level 2.0 Long Blades
 - Level 3.0 Throwing
 - Level 3.0 Dodging
 - Level 2.0 Stealth
 - Level 4.0 Shields
 - Level 5.0 Spellcasting
 - Level 5.0 Conjurations
 - Level 3.0 Hexes
 - Level 6.0 Fire Magic
 - Level 2.0 Evocations


You had 9 spell levels left.
You knew the following spells:

 Your Spells              Type           Power      Damage    Failure   Level
a - Foxfire               Conj/Fire      100%       2x1d9     21%         1
b - Scorch                Fire           100%       2d10      26%         2
c - Inner Flame           Hex/Fire       40%        N/A       63%         3
d - Dazzling Flash        Conj/Hex       72%        N/A       71%         3

Your spell library contained the following spells:

 Spells                   Type           Power      Damage    Failure   Level
 Conjure Flame            Conj/Fire      47%        6-21      50%         3
 Flame Wave               Conj/Fire      47%        2d8       87%         4
 Iskenderun's Battlesphe  Conj           43%        2d9       99%         5
 Agony                    Necr           8%         N/A       100%        5
 Silence                  Hex/Air        9%         N/A       100%        5
 Iron Shot                Conj/Erth      13%        9d3       100%        6
 Spellforged Servitor     Conj/Summ      13%        N/A       100%        7
 Borgnjor's Revivificati  Necr           4%         N/A       100%        8
 Necromutation            Tmut/Necr      4%         N/A       100%        8
 Death's Door             Necr           4%         N/A       100%        9


Dungeon Overview and Level Annotations

Branches:
Dungeon (10/15)            Temple (0/1) D:7            Lair (0/6) D:9
    Orc (0/2) D:10        Ossuary (visited)

Altars:
Cheibriados
Hepliaklqana
Kikubaaqudgha
Makhleb
Nemelex Xobeh
Vehumet
Xom
Zin
The Shining One

Shops:
D:7 (

Annotations:
D:3 exclusion: statue
D:5 1 runed translucent door, axecop's ghost, novice DsAK


Innate Abilities, Weirdness & Mutations

You are too large for most types of armour.
You have tough skin. (AC +1)
Your flesh is cold resistant. (rC+)
You are covered in fur. (AC +1)
You are resistant to electric shocks. (rElec)
You are weak. (Str -2)
Your spells are a little harder to cast, but a little more powerful.
You expend magic power (3 MP) to strengthen your wands.


Message History

It was a scroll of noise.
The elephant tramples you.
* * * LOW HITPOINT WARNING * * *
You are shoved backwards!
As you read the scroll labelled CYBOANOHING, it crumbles to dust.
You assume a fearsome visage.
The black bear looks frightened!
The elephant looks frightened!
The killer bee looks frightened!
It was a scroll of fear.
Cornered, the killer bee turns to fight!
Cornered, the elephant turns to fight!
Aiming: Paralyse
Press: ? - help, Shift-Dir - straight line, f - elephant
Aim: an elephant (chance to affect: 24%)
You feel a surge of power!
The elephant resists with almost no effort.
The now-empty wand crumbles to dust.
Cornered, the black bear turns to fight!
A killer bee zombie comes into view.
As you read the scroll of fear, it crumbles to dust.
You assume a fearsome visage.
The black bear looks frightened!
The elephant looks frightened!
The killer bee zombie is unaffected.
You block the killer bee zombie's attack.
You slash the killer bee zombie!
The killer bee zombie is moderately damaged.
The killer bee zombie barely misses you.
You block the killer bee zombie's attack.
The killer bee zombie barely misses you.
You block the killer bee zombie's attack.
You closely miss the killer bee zombie.
The killer bee zombie is moderately damaged.
Xom decides to rearrange the pieces.
You swap places with the killer bee zombie.
You are now a beloved toy of Xom.
The elephant seems to regain its courage.
The killer bee zombie barely misses you.
Cornered, the elephant turns to fight!
The killer bee zombie hits you.
* * * LOW HITPOINT WARNING * * *
You block the killer bee zombie's attack.
The killer bee zombie hits you.
You die...
Xom howls with laughter!

##### # # #
##################
#@Z..Y.....hyY...Y
.......#################
......# ...... #####


You could see an elephant and a killer bee zombie.

Vanquished Creatures
  2 water moccasins
  2 orc warriors (D:7)
  2 sky beasts (D:6)
  A necrophage (D:7)
  2 ogres
  5 centaurs
  A scorpion (D:3)
  2 bullfrogs
  A killer bee (D:9)
  6 wights
  A howler monkey (D:5)
  A bullfrog zombie (D:6)
  3 jellies
  A gnoll shaman (D:7)
  4 orc priests
  A hound (D:5)
  3 iguanas
  8 orc wizards
  A hound skeleton (D:4)
  11 mummies (Ossuary)
  5 gnolls
  4 adders
  A white imp (D:3)
  An ufetubus (D:6)
  5 worms
  2 dart slugs
  34 orcs
  10 ball pythons
  4 endoplasms
  5 giant cockroaches
  5 goblins
  2 hobgoblins (D:1)
  2 jackals (D:1)
  11 kobolds
  2 quokkas
  8 bats
  4 frilled lizards
  2 gnoll skeletons (Ossuary)
  3 goblin skeletons
  4 goblin zombies
  3 hobgoblin zombies (D:3)
  5 kobold skeletons
  3 kobold zombies (D:3)
  An orc skeleton (Ossuary)
  5 rats
  11 rat skeletons (Ossuary)
  A rat zombie (D:6)
201 creatures vanquished.

Vanquished Creatures (collateral kills)
  3 wights (D:10)
  A dart slug (D:3)
  A foxfire (D:1)
5 creatures vanquished.

Vanquished Creatures (others)
  A centaur (D:9)
  A phantom (D:3)
  An orc priest (D:3)
  A frilled lizard (D:3)
  525 foxfires
529 creatures vanquished.

Grand Total: 735 creatures vanquished

Notes
Turn   | Place    | Note
-------+----------+-------------------------------------------
     0 | D:1      | enile the Ogre Fire Elementalist began the quest for the
                  | Orb.
     0 | D:1      | Reached XP level 1. HP: 16/16 MP: 3/3
   283 | D:1      | Reached XP level 2. HP: 24/24 MP: 1/6
   866 | D:1      | Learned a level 2 spell: Scorch
  1120 | D:1      | Found a faded altar of an unknown god.
  1124 | D:1      | Reached XP level 3. HP: 29/31 MP: 5/8
  1138 | D:1      | Reached skill level 1 in Fighting
  1143 | D:1      | Prayed at the altar of an unknown god.
  1143 | D:1      | Became a worshipper of Xom of Chaos
  1220 | D:1      | XOM: silly message
  1398 | D:1      | XOM: divination: detect creatures
  1447 | D:1      | XOM: give mutations
  1447 | D:1      | Gained mutation: You expend magic power (3 MP) to
                  | strengthen your wands. [Xom's grace]
  1447 | D:1      | Gained mutation: You are strong-willed. (Will+) [Xom's
                  | grace]
  1813 | D:2      | XOM: god gift: 22 gold pieces
  1879 | D:2      | XOM: 3-stop teleportation journey
  1886 | D:2      | XOM: silly message
  2134 | D:2      | Reached XP level 4. HP: 44/44 MP: 8/10
  2526 | D:2      | XOM: divination: detect items
  2532 | D:2      | XOM: cloud trail
  2650 | D:2      | XOM: divination: magic mapping
  2787 | D:3      | Reached skill level 1 in Conjurations
  2798 | D:3      | Reached XP level 5. HP: 54/54 MP: 2/11
  2916 | D:3      | XOM: scenery: create altars
  2997 | D:3      | XOM: god gift: 740 gold pieces
  3037 | D:3      | XOM: cloud trail
  3140 | D:3      | XOM: give mutations
  3140 | D:3      | Gained mutation: You are agile. (Dex +2) [Xom's grace]
  3140 | D:3      | Gained mutation: Your mind is acute. (Int +2) [Xom's grace]
  3140 | D:3      | Gained mutation: You are robust. (+10% HP) [Xom's grace]
  3151 | D:3      | XOM: 2-stop teleportation journey
  3336 | D:3      | XOM: scenery: summon butterflies
  3337 | D:3      | XOM: polymorph butterfly -> jackal
  3340 | D:3      | Reached skill level 1 in Long Blades
  3341 | D:3      | XOM is BORED!
  3341 | D:3      | XOM: give mutation
  3341 | D:3      | Gained mutation: You are weak. (Str -2) [Xom's mischief]
  3344 | D:3      | Learned a level 3 spell: Inner Flame
  3403 | D:3      | Noticed a sky beast
  3403 | D:3      | Noticed a black bear
  3478 | D:3      | Found Zin's Purification Station.
  3478 | D:3      | XOM: 4-stop teleportation journey
  3488 | D:3      | Found a glowing silver altar of Zin.
  3491 | D:3      | Bought a potion of curing for 90 gold pieces
  3604 | D:3      | XOM: divination: magic mapping
  3618 | D:3      | XOM: summons 2 friendly demons
  3627 | D:3      | XOM: divine lightning
  3635 | D:3      | Reached XP level 6. HP: 32/68 MP: 1/12
  3849 | D:3      | XOM: god gift: wooden wand {god gift}
  3913 | D:3      | Found a radiant altar of Vehumet.
  3996 | D:3      | XOM: summons friendly ufetubus
  3998 | D:3      | XOM: enchant monster (good)
  4003 | D:3      | XOM: divine lightning
  4142 | D:3      | XOM: cloud trail
  4232 | D:3      | XOM: scenery: create altars
  4383 | D:3      | XOM: give mutation
  4383 | D:3      | Gained mutation: You are covered in fur. (AC +1) [Xom's
                  | grace]
  4450 | D:3      | Found a glowing golden altar of the Shining One.
  4522 | D:3      | XOM: silly message
  4967 | D:4      | XOM: silly message
  5118 | D:4      | Reached skill level 5 in Fighting
  5178 | D:4      | Reached skill level 1 in Hexes
  5178 | D:4      | Reached XP level 7. HP: 49/79 MP: 8/13
  5281 | D:4      | XOM: cloud trail
  5577 | D:4      | XOM: polymorph scorpion -> centaur
  5629 | D:4      | XOM: cloud trail
  5679 | D:4      | XOM: give mutations
  5679 | D:4      | Gained mutation: You are partially covered in large bone
                  | plates. (SH +4) [Xom's mischief]
  5679 | D:4      | Gained mutation: You have an increased reservoir of magic.
                  | (+10% MP) [Xom's mischief]
  5679 | D:4      | Gained mutation: You sometimes lose the ability to read
                  | scrolls when taking damage. [Xom's mischief]
  5900 | D:4      | XOM: give mutations
  5900 | D:4      | Lost mutation: You are strong-willed. (Will+) [Xom's
                  | mischief]
  5900 | D:4      | Gained mutation: Your body sometimes deteriorates upon
                  | taking damage. [Xom's mischief]
  5900 | D:4      | Lost mutation: You are agile. (Dex +2) [Xom's mischief]
  5900 | D:4      | Gained mutation: Your spells are a little harder to cast,
                  | but a little more powerful. [Xom's mischief]
  6186 | D:5      | Entered Level 5 of the Dungeon
  6202 | D:5      | Reached skill level 5 in Fire Magic
  6206 | D:5      | Learned a level 3 spell: Dazzling Flash
  6218 | D:5      | XOM: give mutations
  6218 | D:5      | Gained mutation: Armour fits poorly on your strangely
                  | shaped body. [Xom's mischief]
  6218 | D:5      | Lost mutation: Your mind is acute. (Int +2) [Xom's
                  | mischief]
  6218 | D:5      | Lost mutation: You have an increased reservoir of magic.
                  | (+10% MP) [Xom's mischief]
  6218 | D:5      | Gained mutation: Your flesh is heat resistant. (rF+) [Xom's
                  | mischief]
  6355 | D:5      | Reached skill level 5 in Spellcasting
  6381 | D:5      | XOM: torment (41/79 hp)
  6408 | D:5      | XOM: give mutations
  6408 | D:5      | Lost mutation: Your spells are a little harder to cast, but
                  | a little more powerful. [Xom's mischief]
  6408 | D:5      | Lost mutation: Armour fits poorly on your strangely shaped
                  | body. [Xom's mischief]
  6408 | D:5      | Gained mutation: Armour fits poorly on your strangely
                  | shaped body. [Xom's mischief]
  6408 | D:5      | Lost mutation: You expend magic power (3 MP) to strengthen
                  | your wands. [Xom's mischief]
  6494 | D:5      | Identified the +9 hunting sling "Josaigg" {venom, Will++}
                  | (Xom gifted it to you on level 5 of the Dungeon)
  6494 | D:5      | XOM: god gift: +9 hunting sling "Josaigg" {venom, Will++}
  6511 | D:5      | XOM: noise
  6530 | D:5      | XOM: give mutation
  6530 | D:5      | Lost mutation: Your flesh is heat resistant. (rF+) [Xom's
                  | mischief]
  6675 | D:5      | Found a runed translucent door.
  6895 | D:5      | XOM: silly message
  6949 | D:5      | Reached XP level 8. HP: 74/91 MP: 6/15
  7084 | D:5      | XOM: cast spell 'Dispersal'
  7087 | D:5      | XOM: polymorph ice beast -> bullfrog
  7117 | D:5      | XOM: scenery: summon butterflies
  7319 | D:5      | XOM: give mutations
  7319 | D:5      | Gained mutation: Your spells are a little harder to cast,
                  | but a little more powerful. [Xom's grace]
  7319 | D:5      | Gained mutation: You have an increased reservoir of magic.
                  | (+10% MP) [Xom's grace]
  7368 | D:5      | Noticed axecop's ghost (novice DsAK)
  7397 | D:5      | XOM: scenery: summon butterflies
  7448 | D:5      | XOM: god gift: +1 pair of boots of flying
  7449 | D:5      | XOM: divination: detect items
  7765 | D:5      | Found a snail-covered altar of Cheibriados.
  7809 | D:5      | XOM: god gift: 5 boomerangs of dispersal
  7909 | D:6      | XOM: give mutations
  7909 | D:6      | Gained mutation: You have a beak for a mouth. [Xom's grace]
  7909 | D:6      | Gained mutation: Your spells are harder to cast, but more
                  | powerful. [Xom's grace]
  7909 | D:6      | Gained mutation: You are strong-willed. (Will+) [Xom's
                  | grace]
  7909 | D:6      | Gained mutation: You expend magic power (3 MP) to
                  | strengthen your wands. [Xom's grace]
  7925 | D:6      | Reached skill level 1 in Throwing
  7930 | D:6      | Found a sand-covered staircase.
  7951 | Ossuary  | Entered an ossuary
  8119 | Ossuary  | XOM: scenery: 3 doors open, 1 doors close
  8139 | Ossuary  | XOM: god gift: 58 gold pieces
  8253 | Ossuary  | XOM: swap monsters
  8398 | Ossuary  | XOM: silly message
  8522 | Ossuary  | XOM is BORED!
  8522 | Ossuary  | XOM: give mutations
  8522 | Ossuary  | Gained mutation: You have hidden genetic defects. [Xom's
                  | mischief]
  8522 | Ossuary  | Lost mutation: Armour fits poorly on your strangely shaped
                  | body. [Xom's mischief]
  8522 | Ossuary  | Lost mutation: You have an increased reservoir of magic.
                  | (+10% MP) [Xom's mischief]
  8778 | Ossuary  | XOM: scenery: 1 doors open, 3 doors close
  8856 | Ossuary  | XOM: give mutations
  8856 | Ossuary  | Gained mutation: You are very weak. (Str -4) [Xom's
                  | mischief]
  8856 | Ossuary  | Lost mutation: You are strong-willed. (Will+) [Xom's
                  | mischief]
  8923 | D:6      | XOM: potion effect (curing)
  9098 | D:6      | XOM: scenery: 1 doors close
  9317 | D:6      | Gained mutation: You are dopey. (Int -2) [hidden defects]
  9478 | D:6      | XOM: divination: magic mapping
  9584 | D:6      | XOM: enchant monster (bad)
  9608 | D:6      | Reached skill level 1 in Evocations
  9914 | D:6      | Reached XP level 9. HP: 97/97 MP: 11/16
  9967 | D:6      | XOM: 1-stop teleportation journey
 10055 | D:6      | XOM: silly message
 10120 | D:6      | Gained mutation: You are very dopey. (Int -4) [hidden
                  | defects]
 10120 | D:6      | Lost mutation: You have hidden genetic defects. [hidden
                  | defects expressed]
 10593 | D:6      | XOM: swap monsters
 10647 | D:6      | XOM: summons 1 hostile demon
 11346 | D:7      | XOM: god gift: 18 gold pieces
 11407 | D:7      | XOM: potion effect (invisibility)
 11470 | D:7      | Found Gimpesk's Weapon Emporium.
 11479 | D:7      | Bought a +1 vorpal war axe for 158 gold pieces
 11505 | D:7      | Identified a scroll of acquirement
 11530 | D:7      | Acquired a +2 tower shield of protection
 11584 | D:7      | Reached skill level 5 in Conjurations
 11584 | D:7      | Reached skill level 1 in Shields
 11944 | D:6      | XOM: silly message
 12183 | D:7      | XOM: summons 1 hostile shadow creature
 12260 | D:7      | XOM: give mutations
 12260 | D:7      | Lost mutation: You expend magic power (3 MP) to strengthen
                  | your wands. [Xom's mischief]
 12260 | D:7      | Lost mutation: Your body sometimes deteriorates upon taking
                  | damage. [Xom's mischief]
 12260 | D:7      | Lost mutation: You are very dopey. (Int -4) [Xom's
                  | mischief]
 12260 | D:7      | Lost mutation: You are dopey. (Int -2) [Xom's mischief]
 12269 | D:7      | XOM: god gift: ancient bronze ring {god gift}
 12269 | D:7      | Identified the ring of Koghad {rC+ Slay+5 Stlth+} (Xom
                  | gifted it to you on level 7 of the Dungeon)
 12552 | D:7      | XOM: god gift: staff of cold
 12567 | D:7      | XOM: cloud trail
 12791 | D:7      | Found a staircase to the Ecumenical Temple.
 13136 | D:7      | XOM is BORED!
 13136 | D:7      | XOM: summons 2 hostile shadow creatures
 13137 | D:7      | Noticed a two-headed ogre
 13433 | D:8      | Found an ancient bone altar of Kikubaaqudgha.
 13433 | D:8      | Found a hazy altar of Hepliaklqana.
 13433 | D:8      | Found a burning altar of Makhleb.
 13434 | D:8      | Found a sparkling altar of Nemelex Xobeh.
 13457 | D:8      | XOM: scenery: 1 doors open, 1 doors close
 13480 | D:8      | XOM: give mutations
 13480 | D:8      | Gained mutation: You tend to lose your temper in combat.
                  | [Xom's mischief]
 13480 | D:8      | Lost mutation: You tend to lose your temper in combat.
                  | [Xom's mischief]
 13480 | D:8      | Lost mutation: You are partially covered in large bone
                  | plates. (SH +4) [Xom's mischief]
 13480 | D:8      | Lost mutation: You sometimes lose the ability to read
                  | scrolls when taking damage. [Xom's mischief]
 13506 | D:8      | XOM: summons 9 friendly demons
 13508 | D:8      | XOM: 5-stop teleportation journey
 13512 | D:8      | XOM: fog
 13665 | D:9      | XOM: give mutations
 13665 | D:9      | Gained mutation: Your flesh is cold resistant. (rC+) [Xom's
                  | grace]
 13665 | D:9      | Gained mutation: You possess an exceptional clarity of
                  | mind. [Xom's grace]
 13665 | D:9      | Lost mutation: You are very weak. (Str -4) [Xom's grace]
 13665 | D:9      | Gained mutation: You expend magic power (3 MP) to
                  | strengthen your wands. [Xom's grace]
 13848 | D:9      | Noticed a kobold demonologist
 13849 | D:9      | XOM: scenery: summon butterflies
 13864 | D:9      | Noticed a deep elf pyromancer
 13866 | D:9      | Noticed a sun demon
 13867 | D:9      | a kobold demonologist changed into a tengu
 13867 | D:9      | XOM: polymorph kobold demonologist -> tengu
 13868 | D:10     | Entered Level 10 of the Dungeon
 13870 | D:10     | XOM: cast spell 'Summon Mana Viper'
 14087 | D:10     | XOM: 1-stop teleportation journey
 14097 | D:10     | Found a staircase to the Orcish Mines.
 14127 | D:9      | Found a staircase to the Lair.
 14127 | D:9      | Noticed an elephant
 14155 | D:9      | Lost mutation: You possess an exceptional clarity of mind.
                  | [potion of mutation]
 14155 | D:9      | Lost mutation: You have a beak for a mouth. [potion of
                  | mutation]
 14155 | D:9      | Lost mutation: Your spells are harder to cast, but more
                  | powerful. [potion of mutation]
 14155 | D:9      | Lost mutation: You are robust. (+10% HP) [potion of
                  | mutation]
 14155 | D:9      | Gained mutation: You are resistant to electric shocks.
                  | (rElec) [potion of mutation]
 14163 | D:9      | XOM: swap monsters
 14163 | D:9      | HP: 2/92 [killer bee zombie (6)]
 14164 | D:9      | Slain by a killer bee zombie

Illustrated notes

Levels and vault maps discovered:
D:1:      elethiomel_arrival_maze, layout_basic, serial_glass, glass_columns_a,
          glass_columns_a, glass_columns_a, glass_columns_a, glass_columns_a,
          glass_columns_b, item_on_display_a, feat_on_display,
          due_unseen_surprise, chequers_ecumenical_altar_island,
          serial_park_tiny_1
D:2:      layout_basic
D:3:      layout_loops_cross, vehumet_statue, zin_purify,
          nicolae_tso_besieged_by_evil, minmay_mini_jars
D:4:      nicolae_cairo_tiling_very_big, layout_basic
D:5:      layout_basic, mainiacjoe_overflow_alcove_1,
          ebering_ghost_reflecting_pool, nicolae_elevator_lobby_asterisk
D:6:      layout_basic, enter_ossuary_4
D:7:      layout_loops_cross, minmay_temple_entry_wispy, serial_shops,
          nicolae_shop_crystal
D:8:      layout_gridville, chequers_temple_overflow_statue_of_worship,
          nicolae_transmutations_shop
D:9:      layout_roguey, lemuel_coloured_pillars_altar,
          grunt_temple_overflow_open, david_lair_generic,
          guppyfry_early_elven_hall
D:10:     layout_rooms, mainiacjoe_overflow_small_starburst, orc_0_dummy

Skill      XL: |  1  2  3  4  5  6  7  8  9 |
---------------+----------------------------+-----
Spellcasting   | 3 4 5 |  5.0
Fighting       | 2 4 5 6 |  6.4
Dodging        | 2 3 |  3.0
Conjurations   | 1 2 3 5 |  5.0
Fire Magic     | 3 4 5 6 |  6.0
Long Blades    | 1 2 |  2.0
Hexes          | 1 2 3 |  3.0
Throwing       | 2 3 |  3.0
Stealth        | 2 |  2.0
Evocations     | 1 2 |  2.0
Shields        | 4 |  4.0

Action                   |  1- 3 |  4- 6 |  7- 9 || total
-------------------------+-------+-------+-------++-------
Melee: Unarmed           |     7 |       |       ||     7
       Long sword        |     4 |    41 |    76 ||   121
       Peck              |       |       |    19 ||    19
       War axe           |       |       |    53 ||    53
       Dagger            |       |       |    45 ||    45
Throw: Boomerang         |       |       |     5 ||     5
       Dart              |       |       |     4 ||     4
 Cast: Foxfire           |    89 |   102 |   154 ||   345
       Scorch            |     4 |    20 |    95 ||   119
       Inner Flame       |       |     6 |    13 ||    19
       Dazzling Flash    |       |       |     6 ||     6
Evoke: Wand              |       |       |     2 ||     2
  Use: Scroll            |       |       |    15 ||    15
       Potion            |       |       |     5 ||     5
 Stab: Sleeping          |       |     3 |     1 ||     4
Armor: Robe              |     4 |    21 |   132 ||   157
Dodge: Dodged            |    11 |    52 |   174 ||   237
Block: Other             |       |       |    52 ||    52
       Tower shield      |       |       |    17 ||    17

Table legend: (Time is in decaauts)
 A = Elapsed time spent in this place.
 B = Non-inter-level travel time spent in this place.
 C = Inter-level travel time spent in this place.
 D = Time resting spent in this place.
 E = Time spent auto-exploring this place.
 F = Levels seen in this place.
 G = Mean time per level.
                   A        B        C        D        E       F      G
               +--------+--------+--------+--------+--------+-----+--------+
         Total |  14240 |  14053 |    187 |    332 |  11628 |  11 | 1294.5 |
       Dungeon |  13285 |  13098 |    187 |    332 |  10896 |  10 | 1328.5 |
       Ossuary |    954 |    954 |      0 |      0 |    732 |   1 |  954.0 |
               +--------+--------+--------+--------+--------+-----+--------+

Top non-repeatable levels by time:
     D:7: 2318 daAuts
     D:6: 2279 daAuts
     D:3: 2038 daAuts
     D:5: 1716 daAuts
     D:1: 1687 daAuts
     D:4: 1575 daAuts
 Ossuary: 954 daAuts
     D:2: 907 daAuts
     D:9: 362 daAuts
    D:10: 246 daAuts
     D:8: 153 daAuts
